 Dungeon Crawl Stone Soup version 0.31-a0-963-ga325b2283a (webtiles) character file.

Game seed: 9511744431672858219

214 Arzdou the Gusty (level 5, -1/28 HPs)
             Began as a Deep Elf Air Elementalist on Oct 25, 2023.
             Slain by a hound (4 damage)
             ... on level 4 of the Dungeon.
             The game lasted 00:09:09 (3980 turns).

Arzdou the Gusty (Deep Elf Air Elementalist)        Turns: 3980, Time: 00:09:10

Health: -1/28      AC:  3    Str:  5    XL:     5   Next: 59%
Magic:  10/13      EV: 13    Int: 22    God:
Gold:   245        SH:  0    Dex: 21    Spells: 9/12 levels left

rFire   . . .        e - +0 short sword
rCold   + . .        (no shield)
rNeg    . . .        a - +0 robe
rPois   .            g - +0 helmet
rElec   .            (no cloak)
rCorr   .            (no gloves)
SInv    .            (no boots)
Will    .....        (no amulet)
Stlth   ++           f - ring of protection from cold
HPRegen 0.24/turn    j - +6 ring of dexterity
MPRegen 0.13/turn

%: no passive effects
@: hasted, very quick
A: no striking features
a: no special abilities


You were on level 4 of the Dungeon.
You visited 1 branch of the dungeon, and saw 4 of its levels.

You collected 245 gold pieces.

Inventory:

Hand Weapons
 e - a +0 short sword (weapon)
Armour
 a - a +0 robe (worn)
 g - a +0 helmet (worn)
Jewellery
 f - a ring of protection from cold (left hand)
 j - a +6 ring of dexterity (right hand)
 k - an amulet of guardian spirit
 l - a ring of positive energy
Wands
 m - a wand of charming (15)
 n - a wand of flame (17)
Scrolls
 o - a scroll of amnesia
Potions
 b - a potion of magic
 d - a potion of invisibility {unknown}
 h - 2 potions of heal wounds {unknown}
 p - 2 potions of mutation {unknown}
 q - a potion of curing {unknown}


   Skills:
 - Level 2.5 Dodging
 - Level 2.5 Stealth
 - Level 4.0 Spellcasting
 + Level 3.6 Conjurations
 + Level 4.9 Air Magic


You had 9 spell levels left.
You knew the following spells:

 Your Spells              Type           Power      Damage    Failure   Level
a - Shock                 Conj/Air       92%        1d8       1%          1
b - Static Discharge      Conj/Air       46%        3-5/arc   3%          2

Your spell library contained the following spells:

 Spells                   Type           Power      Damage    Failure   Level
 Magic Dart               Conj           80%        1d7       2%          1
 Swiftness                Air            26%        N/A       4%          3
 Kiss of Death            Conj/Necr      48%        2d9       5%          1
 Apportation              Tloc           8%         N/A       11%         1
 Mephitic Cloud           Conj/Pois/Air  17%        N/A       11%         3
 Airstrike                Air            13%        2d(2-18)  14%         4
 Call Imp                 Summ           8%         N/A       17%         2
 Jinxbite                 Hex            8%         N/A       17%         2
 Confusing Touch          Hex            4%         N/A       32%         3
 Dispel Undead            Necr           4%         3d7       73%         4
 Alistair's Intoxication  Tmut/Pois      2%         N/A       97%         5


Dungeon Overview and Level Annotations

Branches:
Dungeon (4/15)
 Temple: D:4-7

Altars:
Cheibriados
Xom
Zin

Annotations:
D:2 1 exclusion, Terence
D:3 Grinder
D:4 Dowan, Pikel


Message History

You hear a shout!
The hound bites you.
Unknown command.
Casting: Static Discharge (safe; 3% risk of failure)
Confirm with . or Enter, or press ? or * to list all spells.
The hound is struck by an arc of lightning.
The hound is heavily wounded.
You are struck by an arc of lightning.
The hound is struck by an arc of lightning.
The hound is severely wounded.
The lightning grounds out.
The hound bites you.
An ogre comes into view. It is wielding a +0 giant club.
The hound bites you but does no damage.
The zap misses the hound.
The hound closely misses you.
An endoplasm comes into view.
The hound misses you. The hound bites you.
The endoplasm quivers.
Okay, then.
Okay, then.
The hound stops to sniff the ground.
The hound attacks as it pursues you! The hound closely misses you.
The ogre hits you with a +0 giant club!
* * * LOW HITPOINT WARNING * * *
The hound attacks as it pursues you! The hound closely misses you.
The hound misses you. The hound completely misses you. The hound bites you.
* * * LOW HITPOINT WARNING * * *
Okay, then.
As you read the scroll labelled EMODGH LOCOF, it crumbles to dust.
It is a scroll of identify.
o - a scroll of amnesia The hound misses you.
The hound barely misses you.
It was a potion of haste.
You feel yourself speed up. The hound bites you but does no damage.
The hound attacks as it pursues you! The hound closely misses you. x2
The hound attacks as it pursues you! The hound misses you.
The hound attacks as it pursues you! The hound bites you.
You die...

.. # # .# . .#.# .# ##.
#.#'## ######.# .(.
.....## #.. ...# #.#
##.....## #.###..# #.##
##.......####.#.#..#
...####.........##.......#
......'.........@h.OJ..#.#
....###.........#...#....#
....# ##.......###.###.#.#
##### ##[.......###)..#.#
##...#.###.###...#
##+##..#...#....#
#.###...#...#..# #.#
##.###.###.# ##.## #...###
..#


You could see an ogre, a hound and an endoplasm.

Vanquished Creatures
  A lemure (D:4)
  A gnoll bouda (D:4)
  A hound (D:4)
  5 adders
  A worm (D:2)
  2 dart slugs
  5 orcs
  2 endoplasms (D:1)
  2 giant cockroaches
  9 goblins
  14 hobgoblins
  2 jackals (D:3)
  8 kobolds
  5 quokkas
  7 ball pythons
  7 bats
  A frilled lizard (D:3)
  8 rats
81 creatures vanquished.

Vanquished Creatures (collateral kills)
  Robin (D:3)
  A hobgoblin (D:3)
  A jackal (D:3)
3 creatures vanquished.

Grand Total: 84 creatures vanquished

Notes
Turn   | Place    | Note
-------+----------+-------------------------------------------
     0 | D:1      | Arzdou the Deep Elf Air Elementalist began the quest for
                  | the Orb.
     0 | D:1      | Reached XP level 1. HP: 10/10 MP: 6/6
   290 | D:1      | Reached XP level 2. HP: 15/15 MP: 6/8
   465 | D:1      | Learned a level 2 spell: Static Discharge
   987 | D:2      | Reached XP level 3. HP: 13/19 MP: 3/10
  1060 | D:2      | Noticed Terence
  1170 | D:2      | Found a faded altar of an unknown god.
  1931 | D:2      | You fall into a shaft and drop 1 floor!
  2133 | D:3      | Noticed Robin
  2143 | D:3      | Reached XP level 4. HP: 13/24 MP: 8/12
  2179 | D:3      | Killed Robin
  2619 | D:3      | Found a glowing silver altar of Zin.
  2715 | D:3      | Noticed Grinder
  2788 | D:3      | Found a shimmering altar of Xom.
  3078 | D:4      | Found a snail-covered altar of Cheibriados.
  3105 | D:4      | Noticed Pikel
  3105 | D:4      | Noticed a lemure
  3105 | D:4      | Noticed a lemure
  3105 | D:4      | Noticed a lemure
  3105 | D:4      | Noticed a lemure
  3474 | D:4      | Reached XP level 5. HP: 18/28 MP: 2/13
  3612 | D:4      | Noticed Dowan
  3810 | D:4      | Killed a lemure
  3965 | D:4      | Noticed an ogre
  3980 | D:4      | Slain by a hound

Illustrated notes

Levels and vault maps discovered:
D:1:      dpeg_arrival_connections, layout_basic
D:2:      layout_loops_cross, shapermc_ecumenical_altar_mp_highgroup,
          dreamdust_mushroom_princess, serial_park_tiny_2, uniq_terence
D:3:      layout_basic, mainiacjoe_overflow_brackets, zin_treasury,
          mainiacjoe_sewer_entry_somewhere_in_here_1, uniq_robin, uniq_grinder
D:4:      layout_loops_corners, cheibrodos_worm_habitat, minmay_between,
          uniq_duvessa, uniq_menkaure, uniq_pikel

Skill      XL: |  1  2  3  4 |
---------------+-------------+-----
Spellcasting   | 4 |  4.0
Air Magic      | 4 |  4.9
Conjurations   | 2 3 |  3.6
Dodging        | |  2.5
Stealth        | |  2.5

Action                     |  1- 3 |  4- 6 || total
---------------------------+-------+-------++-------
  Melee: Unarmed           |     1 |       ||     1
         Short sword       |     1 |     4 ||     5
   Cast: Shock             |    85 |    51 ||   136
         Static Discharge  |     2 |    15 ||    17
    Use: Scroll            |       |     3 ||     3
         Potion            |       |     1 ||     1
   Stab: Sleeping          |     1 |       ||     1
 Armour: Robe              |    31 |    46 ||    77
  Dodge: Dodged            |    20 |    43 ||    63

Table legend: (Time is in decaauts)
 A = Elapsed time spent in this place.
 B = Non-inter-level travel time spent in this place.
 C = Inter-level travel time spent in this place.
 D = Time resting spent in this place.
 E = Time spent auto-exploring this place.
 F = Levels seen in this place.
 G = Mean time per level.
                   A        B        C        D        E       F      G
               +--------+--------+--------+--------+--------+-----+--------+
         Total |   3988 |   3780 |    208 |    222 |   2917 |   4 |  997.0 |
       Dungeon |   3988 |   3780 |    208 |    222 |   2917 |   4 |  997.0 |
               +--------+--------+--------+--------+--------+-----+--------+

Top non-repeatable levels by time:
     D:3: 1161 daAuts
     D:2: 966 daAuts
     D:1: 962 daAuts
     D:4: 897 daAuts
